 Dungeon Crawl Stone Soup version 0.30-a0-1085-g990a428a5c (webtiles) character file.

Game seed: 16402143958953576730

576 gravestoyou the Poker (level 7, -1/62 HPs)
             Began as a Minotaur Monk on Apr 16, 2023.
             Was a Believer of Wu Jian.
             Slain by a lemure (7 damage)
             ... led by Pikel
             ... on level 6 of the Dungeon.
             The game lasted 00:24:24 (2324 turns).

gravestoyou the Poker (Minotaur Monk)               Turns: 2324, Time: 00:24:25

Health: -1/62      AC:  6    Str: 22      XL:     7   Next: 12%
Magic:  6/6        EV: 32    Int:  4 (6)  God:    Wu Jian [**....]
Gold:   141        SH:  0    Dex: 11      Spells: 6/6 levels left

rFire   . . .      SeeInvis .    c - +0 trident {deeznuts}
rCold   . . .      Faith    .    d - orb {light}
rNeg    . . .      Spirit   .    i - +0 ring mail
rPois   .          Reflect  .    (helmet restricted)
rElec   .          Rampage  .    (no cloak)
rCorr   .          Rage     9%   n - +0 pair of gloves
Will    +....                    (no boots)
Stlth   +                        k - amulet of the acrobat
HPRegen 0.30/turn                l - ring of willpower
MPRegen 0.10/turn                h - +5 ring of evasion

@: acrobatic, glowing
A: horns 2, retaliatory headbutt, berserk 2, strong 1, inability to read after
injury 1
a: Renounce Religion, Wall Jump


You were on level 6 of the Dungeon.
You worshipped Wu Jian.
Wu Jian was pleased with you.
You visited 1 branch of the dungeon, and saw 6 of its levels.

You collected 141 gold pieces.

Inventory:

Hand Weapons
 a - a +0 spear
 c - a +0 trident (weapon) {deeznuts}
Armour
 b - a +0 robe
 d - an orb of light (worn)
 i - a +0 ring mail (worn)
 n - a +0 pair of gloves (worn)
 p - a +0 helmet
Jewellery
 g - a ring of positive energy
 h - a +5 ring of evasion (right hand)
 j - a ring of ice
 k - an amulet of the acrobat (around neck)
 l - a ring of willpower (left hand)
Scrolls
 e - a scroll of fear
 f - a scroll of immolation {unknown}


   Skills:
 + Level 5.9 Fighting
 + Level 6.8 Polearms
 + Level 2.5 Armour
 + Level 5.0 Dodging
 + Level 0.8 Stealth


You had 6 spell levels left.
You didn't know any spells.
Your spell library was empty.

Dungeon Overview and Level Annotations

Branches:
Dungeon (6/15)
 Temple: D:4-7

Altars:
Cheibriados
Trog
Wu Jian

Annotations:
D:6 Pikel


Innate Abilities, Weirdness & Mutations

You have a pair of horns on your head.
You reflexively headbutt those who attack you in melee.
You have an uncontrollable temper.
Your muscles are strong. (Str +4, Int/Dex -1)
You occasionally lose the ability to read scrolls when taking damage.


Message History

Pikel barely misses you.
You hear a shout!
You barely miss Pikel. You headbutt Pikel.
Pikel is lightly wounded.
You feel yourself speed up.
An orc comes into view. It is wielding a +0 mace.
Pikel closely misses you.
You closely miss Pikel.
Pikel is lightly wounded.
A lemure comes into view.
Pikel hits you with a +2 whip of flaming.
Pikel burns you.
* * * LOW HITPOINT WARNING * * *
You barely miss Pikel.
Pikel is lightly wounded.
Pikel hits you with a +2 whip of flaming.
* * * LOW HITPOINT WARNING * * *
Pikel burns you.
* * * LOW HITPOINT WARNING * * *
The lemure attacks as you move away! The lemure misses you.
You furiously retaliate!
You headbutt the lemure! Pikel attacks as you move away!
Pikel barely misses you.
A lemure comes into view.
You spin and attack the orc warrior.
You hit the orc warrior. You headbutt the orc warrior.
The orc warrior is moderately wounded.
The orc warrior completely misses you.
The lemure moves out of view.
You spin and attack the lemure.
You hit the lemure. You headbutt the lemure!
The lemure is almost dead.
The lemure misses you.
You open the door. The lemure hits you.
* * * LOW HITPOINT WARNING * * *
There is an open door here.
You spin and attack the orc.
You hit the orc.
The orc is severely wounded.
The orc hits you but does no damage. The lemure attacks as you move away!
The lemure closely misses you.
You recover from your berserk rage.
The lemure attacks as you move away! The lemure hits you!
You die...
PP #.)....†......
PPP.##)############ PP...)).......

......#)#########
.##...#...##....####
#.#.#............#
...#.#.#.#.#.#.#.#.
.####...............
#.@...#.#.#.#)#.#.#
#5##...............
#o##.#.#.#.#.#.#.#.
#..'.5.............
#.###o#5#.#.#.#.#.#.#
#.........55........
..##.#.#.#.#.#.#.#.#
#..............
..#.#.#$#.#.#5#.


You could see a lemure and an orc.

Vanquished Creatures
  2 black bears
  A centaur (D:6)
  A gnoll sergeant (D:6)
  A scorpion (D:6)
  A jelly (D:6)
  5 gnolls (D:6)
  4 adders
  A shadow imp (D:6)
  A worm (D:2)
  3 orcs (D:4)
  5 endoplasms
  5 giant cockroaches
  6 goblins
  2 hobgoblins (D:1)
  2 jackals (D:2)
  A quokka (D:2)
  9 ball pythons
  5 bats
  5 frilled lizards
  9 kobolds
  5 rats
74 creatures vanquished.

Notes
Turn   | Place    | Note
-------+----------+-------------------------------------------
     0 | D:1      | gravestoyou the Minotaur Monk began the quest for the Orb.
     0 | D:1      | Reached XP level 1. HP: 19/19 MP: 0/0
   205 | D:1      | Reached XP level 2. HP: 26/27 MP: 1/1
   216 | D:1      | Reached skill level 4 in Polearms
   257 | D:1      | Gained mutation: You sometimes lose your temper in combat.
                  | [potion of mutation]
   257 | D:1      | Gained mutation: You occasionally lose the ability to read
                  | scrolls when taking damage. [potion of mutation]
   257 | D:1      | Gained mutation: You have an uncontrollable temper. [potion
                  | of mutation]
   257 | D:1      | Gained mutation: Your muscles are strong. (Str +4, Int/Dex
                  | -1) [potion of mutation]
   547 | D:1      | Reached XP level 3. HP: 33/33 MP: 2/2
  1190 | D:2      | Reached XP level 4. HP: 41/41 MP: 3/3
  1798 | D:4      | Noticed a black bear
  1807 | D:4      | Killed a black bear
  1808 | D:4      | Reached skill level 5 in Fighting
  1808 | D:4      | Reached skill level 5 in Polearms
  1808 | D:4      | Reached skill level 1 in Armour
  1808 | D:4      | Reached XP level 5. HP: 14/48 MP: 4/4
  2032 | D:5      | Entered Level 5 of the Dungeon
  2148 | D:6      | Noticed a centaur
  2148 | D:6      | Noticed a centaur
  2148 | D:6      | Noticed a centaur
  2179 | D:6      | Found a faded altar of an unknown god.
  2179 | D:6      | Found a snail-covered altar of Cheibriados.
  2186 | D:6      | Found an ornate altar of the Wu Jian Council.
  2191 | D:6      | Found a bloodstained altar of Trog.
  2193 | D:6      | Found a faded altar of an unknown god.
  2221 | D:6      | Became a worshipper of the Wu Jian Council
  2221 | D:6      | Reached * piety under Wu Jian
  2221 | D:6      | Reached ** piety under Wu Jian
  2253 | D:6      | Noticed a black bear
  2269 | D:6      | Noticed a centaur
  2270 | D:6      | Reached XP level 6. HP: 29/56 MP: 5/5
  2275 | D:6      | Reached skill level 6 in Polearms
  2283 | D:6      | Reached XP level 7. HP: 22/62 MP: 6/6
  2295 | D:6      | Reached skill level 5 in Dodging
  2306 | D:6      | Noticed Pikel
  2324 | D:6      | Slain by a lemure

Illustrated notes

Levels and vault maps discovered:
D:1:      mrwooster_arrival_statue_2, layout_basic, supply_closet_lemuel,
          minmay_misc_feat_more_columns, minmay_misc_feat_cross
D:2:      layout_basic, grunt_decor_junction
D:3:      layout_basic, serial_shops, shop
D:4:      layout_basic
D:5:      gammafunk_wand_slinger, layout_loops_corners, temple_statues,
          grunt_decor_arrowhead, uniq_blork_the_orc, uniq_ijyb,
          uniq_prince_ribbit1
D:6:      layout_basic, chequers_temple_overflow_minitemple,
          fedhas_bush_and_centaur_altar, serial_shops, shop, dk_noncrumbling_2,
          st_stairs_8, hex_large, centaur_isle, uniq_maggie, uniq_pikel

Skill      XL: |  1  2  3  4  5  6  7 |
---------------+----------------------+-----
Polearms       | 4 5 6 |  6.8
Fighting       | 4 5 |  5.9
Dodging        | 4 5 |  5.0
Armour         | 1 2 |  2.5
Stealth        | |  0.8

Action                     |  1- 3 |  4- 6 |  7- 9 || total
---------------------------+-------+-------+-------++-------
  Melee: Spear             |    87 |    29 |       ||   116
         Headbutt          |    15 |    15 |     4 ||    34
         Trident           |       |    27 |    11 ||    38
Ability: Lunge             |       |     2 |     3 ||     5
         Whirlwind         |       |       |     3 ||     3
    Use: Potion            |     1 |     4 |       ||     5
         Scroll            |       |     4 |       ||     4
 Armour: Robe              |    20 |       |       ||    20
         Ring mail         |     1 |    11 |     1 ||    13
  Dodge: Dodged            |    63 |    42 |    13 ||   118

Table legend: (Time is in decaauts)
 A = Elapsed time spent in this place.
 B = Non-inter-level travel time spent in this place.
 C = Inter-level travel time spent in this place.
 D = Time resting spent in this place.
 E = Time spent auto-exploring this place.
 F = Levels seen in this place.
 G = Mean time per level.
                   A        B        C        D        E       F      G
               +--------+--------+--------+--------+--------+-----+--------+
         Total |   2366 |    501 |   1865 |      0 |     17 |   6 |  394.3 |
       Dungeon |   2366 |    501 |   1865 |      0 |     17 |   6 |  394.3 |
               +--------+--------+--------+--------+--------+-----+--------+

Top non-repeatable levels by time:
     D:2: 719 daAuts
     D:1: 700 daAuts
     D:4: 572 daAuts
     D:6: 198 daAuts
     D:5: 99 daAuts
     D:3: 76 daAuts
